[ AOE2 MATCH · #490971301 ]
UnrankedItalians vs Japanese
[ REPLAY ANALYSIS · EXTRACTED FROM THE RECORDED GAME ]
Feudal
11:39
Castle
15:13
Imperial
33:22
| APM avg | 62.0 |
| APM peak | 117 |
| eAPM avg | 43.1 |
| Villagers / military | 158 / 136 |
Focus
⚔️ 55.2% · 🌾 44.8%
Unknown (2626) ×74 · Trade Cog ×70 · Hand Cannoneer ×49 · Fishing Ship ×31 · Unknown (882) ×28 · Knight ×27
Feudal
12:44
Castle
29:00
Imperial
—
| APM avg | 48.1 |
| APM peak | 91 |
| eAPM avg | 23.1 |
| Villagers / military | 73 / 88 |
Focus
⚔️ 39.5% · 🌾 60.5%
Spearman ×67 · Samurai ×11 · Demolition Raft ×8 · Unknown (2626) ×4 · Fire Galley ×2
Feudal
11:57
Castle
15:54
Imperial
36:07
| APM avg | 86.4 |
| APM peak | 137 |
| eAPM avg | 58.3 |
| Villagers / military | 210 / 320 |
Focus
⚔️ 53.0% · 🌾 47.0%
Skirmisher ×135 · Huskarl ×87 · Spearman ×72 · Unknown (2626) ×44 · Knight ×18 · Fishing Ship ×8
Feudal
18:42
Castle
33:08
Imperial
38:23
| APM avg | 45.5 |
| APM peak | 92 |
| eAPM avg | 26.4 |
| Villagers / military | 155 / 8 |
Focus
⚔️ 24.6% · 🌾 75.4%
Unknown (2550) ×22 · Monk ×8
Match map
Initial resources + every placement click. Lines = walls · curves = elevation contours. ◆ gold · ⬟ stone · ● berries · ✦ relic · ◌ wall gap
Your base· Open — unwalled flank
Ethan's base· Open — unwalled flank
CesarFight's base· Open — unwalled flank
Smiley's base· Open — unwalled flank
Smoothed initial terrain · ◌ = detected wall gap · hover for details
Inputs per minute
— TAG_Sitaux - - Ethan
Build order — TAG_Sitaux
First 150 of 732 actions detected
| 0:00 | Create | Villager (Male) |
| 0:01 | Create | Villager (Male) |
| 0:01 | Build | House |
| 0:02 | Build | House |
| 0:11 | Create | Villager (Male) |
| 0:11 | Create | Villager (Male) |
| 0:12 | Create | Villager (Male) |
| 1:23 | Create | Villager (Male) |
| 1:23 | Create | Villager (Male) |
| 1:40 | Build | Lumber Camp |
| 1:58 | Create | Villager (Male) |
| 1:58 | Create | Villager (Male) |
| 2:13 | Create | Villager (Male) |
| 2:13 | Create | Villager (Male) |
| 2:34 | Create | Villager (Male) |
| 2:35 | Create | Villager (Male) |
| 3:15 | Create | Villager (Male) |
| 3:24 | Build | House |
| 3:42 | Create | Villager (Male) |
| 4:03 | Build | Dock |
| 4:08 | Create | Villager (Male) |
| 4:20 | Create | Villager (Male) |
| 4:49 | Create | Villager (Male) |
| 4:49 | Create | Villager (Male) |
| 5:03 | Create | Fishing Ship |
| 5:04 | Build | Palisade Wall |
| 5:05 | Build | Palisade Wall |
| 5:09 | Build | House |
| 5:22 | Create | Villager (Male) |
| 5:22 | Create | Villager (Male) |
| 5:28 | Create | Fishing Ship |
| 5:48 | Create | Villager (Male) |
| 5:48 | Create | Villager (Male) |
| 6:08 | Create | Fishing Ship |
| 6:18 | Create | Villager (Male) |
| 6:44 | Create | Villager (Male) |
| 6:44 | Create | Villager (Male) |
| 6:48 | Build | House |
| 6:59 | Build | Dock |
| 7:11 | Create | Villager (Male) |
| 7:14 | Create | Fishing Ship |
| 7:15 | Create | Fishing Ship |
| 7:36 | Create | Fishing Ship |
| 7:48 | Create | Villager (Male) |
| 7:53 | Create | Fishing Ship |
| 7:53 | Create | Fishing Ship |
| 8:07 | Build | House |
| 8:11 | Create | Fishing Ship |
| 8:11 | Create | Fishing Ship |
| 8:18 | Create | Villager (Male) |
| 8:32 | Build | Lumber Camp |
| 8:42 | Create | Fishing Ship |
| 8:42 | Create | Fishing Ship |
| 9:04 | Create | Villager (Male) |
| 9:06 | Create | Fishing Ship |
| 9:10 | Build | House |
| 9:14 | Create | Fishing Ship |
| 9:14 | Create | Fishing Ship |
| 9:27 | Research | Feudal Age |
| 9:27 | Research | Feudal Age |
| 9:30 | Create | Fishing Ship |
| 9:40 | Build | Mining Camp |
| 9:48 | Build | House |
| 9:50 | Create | Fishing Ship |
| 9:50 | Create | Fishing Ship |
| 10:10 | Create | Fishing Ship |
| 10:17 | Build | House |
| 10:25 | Create | Fishing Ship |
| 10:45 | Build | Mill |
| 10:57 | Create | Fishing Ship |
| 10:57 | Create | Fishing Ship |
| 11:09 | Create | Fishing Ship |
| 11:39 | Age | Feudal Age |
| 11:41 | Create | Villager (Male) |
| 11:44 | Build | Market |
| 11:46 | Build | Blacksmith |
| 11:56 | Research | Double-Bit Axe |
| 11:58 | Create | Villager (Male) |
| 12:13 | Build | House |
| 12:29 | Research | Tech 906 |
| 12:33 | Research | Castle Age |
| 12:33 | Research | Castle Age |
| 12:46 | Create | Unit 2626 |
| 12:46 | Create | Unit 2626 |
| 13:08 | Build | Barracks |
| 13:18 | Create | Unit 2626 |
| 13:19 | Create | Unit 2626 |
| 13:25 | Create | Unit 2626 |
| 13:44 | Build | House |
| 13:50 | Research | Gold Mining |
| 13:50 | Research | Gold Mining |
| 13:51 | Create | Villager (Male) |
| 14:04 | Build | Stable |
| 14:30 | Create | Unit 2626 |
| 14:31 | Create | Unit 2626 |
| 14:35 | Research | Forging |
| 14:35 | Research | Forging |
| 14:44 | Build | Dock |
| 14:50 | Build | House |
| 15:13 | Age | Castle Age |
| 15:14 | Create | Knight |
| 15:15 | Create | Villager (Male) |
| 15:16 | Research | War Galley (upgrade) |
| 15:16 | Research | War Galley (upgrade) |
| 15:19 | Research | Bow Saw |
| 15:20 | Research | Bow Saw |
| 15:22 | Research | Loom |
| 15:39 | Create | Knight |
| 15:43 | Create | Villager (Male) |
| 15:54 | Research | Gillnets |
| 15:55 | Research | Gillnets |
| 16:11 | Create | Knight |
| 16:20 | Build | Dock |
| 16:26 | Create | Villager (Male) |
| 16:35 | Create | Knight |
| 16:42 | Create | Fishing Ship |
| 16:42 | Create | Fishing Ship |
| 16:42 | Create | Fishing Ship |
| 16:59 | Create | Villager (Male) |
| 17:09 | Build | Town Center |
| 17:23 | Create | Knight |
| 17:32 | Create | Villager (Male) |
| 17:36 | Build | House |
| 17:39 | Build | Lumber Camp |
| 17:54 | Create | Unit 2626 |
| 17:54 | Create | Unit 2626 |
| 18:03 | Create | Villager (Male) |
| 18:04 | Create | Villager (Male) |
| 18:09 | Build | Town Center |
| 18:10 | Create | Villager (Male) |
| 18:11 | Build | House |
| 18:13 | Build | House |
| 18:34 | Create | Villager (Male) |
| 18:38 | Create | Unit 2626 |
| 18:39 | Create | Unit 2626 |
| 18:39 | Create | Unit 2626 |
| 18:42 | Create | Villager (Male) |
| 18:59 | Create | Knight |
| 19:00 | Build | Monastery |
| 19:13 | Create | Knight |
| 19:18 | Create | Villager (Male) |
| 19:31 | Create | Villager (Male) |
| 19:31 | Create | Villager (Male) |
| 19:33 | Create | Monk |
| 19:38 | Research | Bloodlines |
| 19:40 | Create | Villager (Male) |
| 19:46 | Create | Unit 2626 |
| 19:46 | Create | Unit 2626 |
| 19:46 | Create | Unit 2626 |
| 19:49 | Create | Villager (Male) |
Build order — Ethan
First 150 of 291 actions detected
| 0:01 | Build | House |
| 0:02 | Create | Villager (Male) |
| 0:03 | Build | House |
| 0:03 | Create | Villager (Male) |
| 0:05 | Create | Villager (Male) |
| 0:06 | Create | Villager (Male) |
| 1:27 | Create | Villager (Male) |
| 2:01 | Create | Villager (Male) |
| 2:01 | Create | Villager (Male) |
| 2:16 | Create | Villager (Male) |
| 2:20 | Build | Lumber Camp |
| 2:49 | Create | Villager (Male) |
| 2:50 | Create | Villager (Male) |
| 3:22 | Research | Loom |
| 3:23 | Research | Loom |
| 3:30 | Create | Villager (Male) |
| 3:56 | Create | Villager (Male) |
| 4:02 | Create | Villager (Male) |
| 4:50 | Build | House |
| 4:52 | Build | Palisade Wall |
| 4:57 | Create | Villager (Male) |
| 5:07 | Create | Villager (Male) |
| 5:33 | Create | Villager (Male) |
| 5:50 | Build | House |
| 5:56 | Create | Villager (Male) |
| 6:08 | Build | House |
| 7:09 | Create | Villager (Male) |
| 7:12 | Build | Palisade Wall |
| 7:13 | Build | Palisade Wall |
| 7:14 | Create | Villager (Male) |
| 7:47 | Build | Mill |
| 7:48 | Create | Villager (Male) |
| 7:59 | Build | Lumber Camp |
| 8:00 | Build | House |
| 8:10 | Create | Villager (Male) |
| 8:22 | Build | House |
| 8:27 | Create | Villager (Male) |
| 8:41 | Build | House |
| 9:08 | Create | Villager (Male) |
| 9:44 | Create | Villager (Male) |
| 10:07 | Create | Villager (Male) |
| 10:11 | Build | Mining Camp |
| 10:31 | Research | Feudal Age |
| 10:43 | Build | Farm |
| 10:53 | Build | Farm |
| 11:03 | Build | Farm |
| 11:41 | Create | Villager (Male) |
| 11:41 | Create | Villager (Male) |
| 11:48 | Build | Barracks |
| 12:29 | Build | Farm |
| 12:44 | Age | Feudal Age |
| 12:46 | Build | Palisade Gate |
| 12:49 | Build | Farm |
| 13:05 | Create | Spearman |
| 13:05 | Create | Spearman |
| 13:10 | Research | Horse Collar |
| 13:10 | Research | Horse Collar |
| 13:11 | Research | Double-Bit Axe |
| 13:11 | Research | Double-Bit Axe |
| 13:21 | Build | Farm |
| 13:22 | Create | Villager (Male) |
| 13:25 | Build | Farm |
| 13:37 | Build | House |
| 13:49 | Build | House |
| 13:52 | Build | Farm |
| 13:53 | Build | Farm |
| 14:01 | Build | Watch Tower |
| 14:19 | Create | Villager (Male) |
| 14:33 | Create | Villager (Male) |
| 14:45 | Build | Lumber Camp |
| 14:50 | Create | Villager (Male) |
| 15:35 | Create | Villager (Male) |
| 15:47 | Create | Villager (Male) |
| 15:54 | Create | Villager (Male) |
| 16:29 | Create | Villager (Male) |
| 16:31 | Build | Blacksmith |
| 16:36 | Create | Villager (Male) |
| 17:04 | Research | Fletching |
| 17:04 | Research | Fletching |
| 17:10 | Create | Villager (Male) |
| 17:46 | Create | Spearman |
| 17:46 | Create | Spearman |
| 18:43 | Create | Villager (Male) |
| 19:10 | Build | Farm |
| 19:11 | Build | Farm |
| 19:25 | Create | Villager (Male) |
| 19:27 | Build | House |
| 19:29 | Build | House |
| 19:57 | Create | Spearman |
| 19:57 | Create | Spearman |
| 19:58 | Create | Spearman |
| 20:08 | Build | Farm |
| 20:09 | Build | Farm |
| 20:10 | Build | Farm |
| 20:11 | Create | Villager (Male) |
| 20:13 | Build | Mining Camp |
| 20:19 | Create | Spearman |
| 20:19 | Create | Spearman |
| 20:26 | Build | Farm |
| 20:33 | Create | Spearman |
| 20:42 | Build | Farm |
| 20:42 | Create | Villager (Male) |
| 20:57 | Create | Spearman |
| 21:23 | Research | Forging |
| 21:23 | Research | Forging |
| 21:33 | Create | Spearman |
| 21:42 | Build | Lumber Camp |
| 21:44 | Create | Spearman |
| 21:47 | Build | House |
| 21:51 | Build | House |
| 21:53 | Build | Palisade Wall |
| 21:55 | Build | House |
| 21:57 | Create | Spearman |
| 21:57 | Create | Spearman |
| 22:06 | Create | Villager (Male) |
| 22:18 | Create | Villager (Male) |
| 22:24 | Build | Farm |
| 22:33 | Build | Farm |
| 22:42 | Build | Stone Wall |
| 22:43 | Build | Stone Wall |
| 22:54 | Create | Spearman |
| 22:55 | Create | Spearman |
| 23:06 | Create | Spearman |
| 23:17 | Create | Villager (Male) |
| 23:19 | Create | Spearman |
| 23:32 | Build | Mill |
| 23:33 | Build | Farm |
| 23:33 | Build | Farm |
| 23:36 | Create | Villager (Male) |
| 23:46 | Create | Spearman |
| 23:59 | Research | Scale Mail Armor |
| 24:04 | Create | Spearman |
| 24:11 | Research | Wheelbarrow |
| 24:11 | Research | Wheelbarrow |
| 24:26 | Build | Farm |
| 24:28 | Build | Farm |
| 24:38 | Build | House |
| 24:38 | Create | Villager (Male) |
| 24:55 | Create | Spearman |
| 24:56 | Create | Spearman |
| 25:38 | Build | Market |
| 25:51 | Build | Farm |
| 25:52 | Create | Villager (Male) |
| 25:54 | Create | Spearman |
| 26:20 | Research | Castle Age |
| 26:20 | Research | Castle Age |
| 26:25 | Create | Spearman |
| 26:25 | Create | Spearman |
| 26:39 | Build | Barracks |
| 26:48 | Create | Spearman |
Build order — CesarFight
First 150 of 691 actions detected
| 0:11 | Create | Villager (Male) |
| 0:11 | Create | Villager (Male) |
| 0:12 | Build | House |
| 0:13 | Build | House |
| 0:23 | Create | Villager (Male) |
| 0:23 | Create | Villager (Male) |
| 1:23 | Research | Loom |
| 1:23 | Create | Villager (Male) |
| 1:24 | Create | Villager (Male) |
| 1:46 | Create | Villager (Male) |
| 1:46 | Create | Villager (Male) |
| 2:04 | Create | Villager (Male) |
| 2:30 | Create | Villager (Male) |
| 2:38 | Create | Villager (Male) |
| 2:43 | Build | Lumber Camp |
| 3:02 | Create | Villager (Male) |
| 3:02 | Create | Villager (Male) |
| 3:24 | Create | Villager (Male) |
| 3:48 | Create | Villager (Male) |
| 4:04 | Create | Villager (Male) |
| 4:07 | Build | House |
| 4:30 | Create | Villager (Male) |
| 5:06 | Create | Villager (Male) |
| 5:19 | Build | Dock |
| 5:20 | Build | House |
| 5:25 | Create | Villager (Male) |
| 5:45 | Create | Villager (Male) |
| 6:00 | Create | Fishing Ship |
| 6:18 | Create | Villager (Male) |
| 6:27 | Build | House |
| 7:06 | Create | Fishing Ship |
| 7:06 | Create | Fishing Ship |
| 7:09 | Build | House |
| 7:11 | Create | Villager (Male) |
| 7:24 | Build | House |
| 7:36 | Create | Villager (Male) |
| 7:42 | Create | Fishing Ship |
| 8:06 | Create | Villager (Male) |
| 8:17 | Build | Mill |
| 8:24 | Create | Villager (Male) |
| 8:44 | Create | Fishing Ship |
| 8:44 | Create | Fishing Ship |
| 8:48 | Create | Villager (Male) |
| 8:48 | Create | Villager (Male) |
| 9:13 | Build | House |
| 9:26 | Research | Feudal Age |
| 9:38 | Build | Mining Camp |
| 10:21 | Create | Villager (Male) |
| 11:22 | Build | Barracks |
| 11:43 | Build | House |
| 11:57 | Age | Feudal Age |
| 12:14 | Build | Stable |
| 12:19 | Build | Blacksmith |
| 12:20 | Create | Villager (Male) |
| 12:49 | Create | Villager (Male) |
| 12:55 | Create | Fishing Ship |
| 13:02 | Research | Castle Age |
| 13:03 | Research | Castle Age |
| 13:17 | Build | Lumber Camp |
| 13:22 | Build | Lumber Camp |
| 13:38 | Research | Scale Barding Armor |
| 13:54 | Create | Unit 2626 |
| 13:56 | Build | House |
| 14:05 | Research | Double-Bit Axe |
| 14:05 | Research | Double-Bit Axe |
| 14:26 | Build | Dock |
| 14:44 | Create | Villager (Male) |
| 14:47 | Research | Horse Collar |
| 14:54 | Create | Unit 2626 |
| 15:06 | Create | Villager (Male) |
| 15:08 | Create | Unit 2626 |
| 15:08 | Create | Unit 2626 |
| 15:32 | Create | Unit 2626 |
| 15:53 | Create | Unit 2626 |
| 15:54 | Age | Castle Age |
| 15:56 | Create | Knight |
| 15:59 | Research | Bow Saw |
| 16:01 | Create | Villager (Male) |
| 16:10 | Build | House |
| 16:11 | Build | House |
| 16:20 | Create | Knight |
| 16:27 | Create | Unit 2626 |
| 16:30 | Research | War Galley (upgrade) |
| 16:44 | Build | Farm |
| 16:47 | Build | Farm |
| 16:54 | Create | Knight |
| 16:55 | Create | Knight |
| 17:06 | Create | Villager (Male) |
| 17:07 | Create | Unit 2626 |
| 17:08 | Build | House |
| 17:20 | Create | Villager (Male) |
| 17:28 | Create | Unit 2626 |
| 17:29 | Build | Farm |
| 17:44 | Create | Villager (Male) |
| 17:54 | Create | Fishing Ship |
| 18:00 | Create | Unit 2626 |
| 18:08 | Create | Villager (Male) |
| 18:17 | Create | Unit 2626 |
| 18:22 | Create | Villager (Male) |
| 18:23 | Build | Farm |
| 18:26 | Build | Farm |
| 18:28 | Create | Knight |
| 18:40 | Build | Town Center |
| 18:42 | Create | Villager (Male) |
| 19:02 | Create | Unit 2626 |
| 19:03 | Create | Unit 2626 |
| 19:04 | Create | Villager (Male) |
| 19:04 | Create | Knight |
| 19:24 | Create | Villager (Male) |
| 19:29 | Create | Knight |
| 19:31 | Create | Villager (Male) |
| 19:32 | Create | Villager (Male) |
| 19:35 | Create | Spearman |
| 19:44 | Create | Spearman |
| 19:53 | Build | Farm |
| 20:02 | Create | Spearman |
| 20:09 | Create | Knight |
| 20:18 | Build | Farm |
| 20:31 | Build | Farm |
| 20:33 | Build | Farm |
| 20:35 | Create | Knight |
| 20:35 | Create | Knight |
| 20:55 | Build | Town Center |
| 21:03 | Create | Villager (Male) |
| 21:17 | Create | Knight |
| 21:18 | Create | Villager (Male) |
| 21:18 | Create | Villager (Male) |
| 21:19 | Create | Villager (Male) |
| 21:29 | Create | Unit 2626 |
| 21:29 | Create | Unit 2626 |
| 21:32 | Build | Farm |
| 21:34 | Create | Spearman |
| 21:44 | Create | Villager (Male) |
| 21:45 | Create | Villager (Male) |
| 21:45 | Create | Villager (Male) |
| 21:49 | Build | Farm |
| 21:50 | Build | Farm |
| 21:54 | Build | Farm |
| 21:58 | Create | Villager (Male) |
| 21:58 | Create | Villager (Male) |
| 22:03 | Build | Farm |
| 22:10 | Create | Villager (Male) |
| 22:16 | Create | Villager (Male) |
| 22:16 | Create | Villager (Male) |
| 22:19 | Build | Farm |
| 22:29 | Create | Unit 2626 |
| 22:30 | Create | Unit 2626 |
| 22:31 | Create | Villager (Male) |
| 22:31 | Create | Villager (Male) |
| 22:35 | Build | Farm |
Build order — Smiley
First 150 of 333 actions detected
| 0:00 | Create | Villager (Male) |
| 0:01 | Create | Villager (Male) |
| 0:01 | Create | Villager (Male) |
| 0:02 | Build | House |
| 0:04 | Build | House |
| 0:07 | Create | Villager (Male) |
| 0:07 | Create | Villager (Male) |
| 0:08 | Create | Villager (Male) |
| 1:40 | Create | Villager (Male) |
| 1:40 | Create | Villager (Male) |
| 1:58 | Create | Villager (Male) |
| 2:09 | Build | Settlement |
| 2:27 | Create | Villager (Male) |
| 2:28 | Create | Villager (Male) |
| 2:37 | Research | Loom |
| 2:57 | Create | Villager (Male) |
| 2:57 | Create | Villager (Male) |
| 4:06 | Create | Villager (Male) |
| 4:07 | Create | Villager (Male) |
| 4:07 | Create | Villager (Male) |
| 4:56 | Create | Villager (Male) |
| 4:56 | Create | Villager (Male) |
| 6:28 | Create | Villager (Male) |
| 6:28 | Create | Villager (Male) |
| 6:28 | Create | Villager (Male) |
| 6:41 | Create | Villager (Male) |
| 6:41 | Create | Villager (Male) |
| 7:52 | Create | Villager (Male) |
| 8:16 | Build | House |
| 8:35 | Create | Villager (Male) |
| 8:35 | Create | Villager (Male) |
| 9:04 | Create | Villager (Male) |
| 9:04 | Create | Villager (Male) |
| 9:08 | Build | Settlement |
| 9:28 | Create | Villager (Male) |
| 10:00 | Create | Villager (Male) |
| 10:18 | Create | Villager (Male) |
| 10:18 | Create | Villager (Male) |
| 10:46 | Build | Farm |
| 10:50 | Build | Farm |
| 11:00 | Create | Villager (Male) |
| 11:44 | Create | Villager (Male) |
| 11:45 | Create | Villager (Male) |
| 12:29 | Create | Villager (Male) |
| 13:01 | Create | Villager (Male) |
| 13:12 | Create | Villager (Male) |
| 14:03 | Build | Town Center |
| 14:50 | Create | Villager (Male) |
| 15:10 | Create | Villager (Male) |
| 15:10 | Create | Villager (Male) |
| 15:23 | Create | Villager (Male) |
| 15:23 | Create | Villager (Male) |
| 15:37 | Build | House |
| 15:50 | Create | Villager (Male) |
| 15:59 | Build | House |
| 16:07 | Build | House |
| 16:08 | Create | Villager (Male) |
| 16:32 | Research | Feudal Age |
| 16:33 | Research | Feudal Age |
| 16:48 | Create | Villager (Male) |
| 17:59 | Build | Palisade Wall |
| 18:09 | Build | Palisade Gate |
| 18:16 | Create | Villager (Male) |
| 18:27 | Build | Palisade Wall |
| 18:29 | Build | Palisade Wall |
| 18:31 | Create | Villager (Male) |
| 18:42 | Age | Feudal Age |
| 19:21 | Build | Palisade Wall |
| 19:23 | Build | Palisade Wall |
| 19:24 | Build | Palisade Wall |
| 19:57 | Build | Palisade Wall |
| 20:02 | Build | Palisade Wall |
| 20:03 | Build | Palisade Wall |
| 20:42 | Build | Town Center |
| 20:59 | Build | Palisade Wall |
| 21:16 | Create | Villager (Male) |
| 21:20 | Create | Villager (Male) |
| 21:45 | Build | Settlement |
| 21:46 | Create | Villager (Male) |
| 22:01 | Build | Palisade Wall |
| 22:08 | Create | Villager (Male) |
| 22:17 | Create | Villager (Male) |
| 22:27 | Build | Market |
| 22:29 | Create | Villager (Male) |
| 22:35 | Build | Palisade Wall |
| 22:44 | Create | Villager (Male) |
| 22:49 | Create | Villager (Male) |
| 22:55 | Build | House |
| 22:56 | Build | House |
| 23:24 | Create | Villager (Male) |
| 23:28 | Create | Villager (Male) |
| 23:32 | Build | House |
| 23:39 | Build | Palisade Wall |
| 23:40 | Build | Palisade Wall |
| 23:40 | Build | Palisade Wall |
| 23:41 | Build | Palisade Wall |
| 23:44 | Build | Palisade Wall |
| 23:45 | Build | Palisade Wall |
| 23:46 | Build | Palisade Wall |
| 23:55 | Build | Farm |
| 23:56 | Build | Farm |
| 23:56 | Build | Farm |
| 23:56 | Build | Farm |
| 23:56 | Build | Farm |
| 24:26 | Create | Villager (Male) |
| 24:26 | Create | Villager (Male) |
| 24:26 | Create | Villager (Male) |
| 24:30 | Build | House |
| 25:11 | Build | Palisade Wall |
| 25:12 | Build | Palisade Wall |
| 25:13 | Build | Palisade Wall |
| 25:16 | Build | Palisade Wall |
| 25:19 | Build | Palisade Wall |
| 25:20 | Create | Villager (Male) |
| 25:20 | Create | Villager (Male) |
| 25:27 | Build | Blacksmith |
| 25:56 | Build | Farm |
| 25:57 | Build | Farm |
| 25:57 | Build | Farm |
| 25:57 | Build | Farm |
| 25:57 | Build | Farm |
| 26:01 | Create | Villager (Male) |
| 26:02 | Create | Villager (Male) |
| 26:02 | Create | Villager (Male) |
| 26:12 | Build | Farm |
| 26:13 | Build | Farm |
| 26:17 | Build | Farm |
| 26:18 | Create | Villager (Male) |
| 26:18 | Create | Villager (Male) |
| 26:23 | Build | Farm |
| 26:36 | Build | Settlement |
| 27:48 | Create | Villager (Male) |
| 27:56 | Build | Outpost |
| 28:06 | Build | Settlement |
| 28:22 | Build | Palisade Gate |
| 28:23 | Create | Villager (Male) |
| 28:34 | Create | Villager (Male) |
| 28:37 | Build | Farm |
| 28:48 | Build | House |
| 28:52 | Build | House |
| 29:03 | Create | Villager (Male) |
| 29:07 | Build | Stone Wall |
| 29:10 | Build | Stone Wall |
| 29:12 | Build | Stone Wall |
| 29:16 | Build | Stone Wall |
| 29:18 | Build | Stone Wall |
| 29:19 | Create | Villager (Male) |
| 29:24 | Create | Villager (Male) |
| 29:36 | Build | Stone Wall |
| 29:36 | Create | Villager (Male) |
Match timeline
| 4:03 | TAG_Sitaux · first_building Dock |
| 4:52 | Ethan · wall_segment Palisade Wall x4 |
| 5:04 | TAG_Sitaux · wall_segment Palisade Wall x1 |
| 5:05 | TAG_Sitaux · wall_segment Palisade Wall x1 |
| 5:19 | CesarFight · first_building Dock |
| 7:12 | Ethan · wall_segment Palisade Wall x1 |
| 7:13 | Ethan · wall_segment Palisade Wall x1 |
| 11:22 | CesarFight · first_building Barracks |
| 11:39 | TAG_Sitaux · age_up feudal |
| 11:48 | Ethan · first_building Barracks |
| 11:57 | CesarFight · age_up feudal |
| 12:14 | CesarFight · first_building Stable |
| 12:44 | Ethan · age_up feudal |
| 13:08 | TAG_Sitaux · first_building Barracks |
| 14:04 | TAG_Sitaux · first_building Stable |
| 14:05 | TAG_Sitaux · first_market_sell 100 food |
| 15:13 | TAG_Sitaux · age_up castle |
| 15:54 | CesarFight · age_up castle |
| 17:59 | Smiley · wall_segment Palisade Wall x1 |
| 18:27 | Smiley · wall_segment Palisade Wall x1 |
| 18:29 | Smiley · wall_segment Palisade Wall x3 |
| 18:42 | Smiley · age_up feudal |
| 19:00 | TAG_Sitaux · first_building Monastery |
| 19:21 | Smiley · wall_segment Palisade Wall x1 |
| 19:23 | Smiley · wall_segment Palisade Wall x1 |
| 19:24 | Smiley · wall_segment Palisade Wall x1 |
| 19:57 | Smiley · wall_segment Palisade Wall x5 |
| 20:02 | Smiley · wall_segment Palisade Wall x1 |
| 20:03 | Smiley · wall_segment Palisade Wall x1 |
| 20:59 | Smiley · wall_segment Palisade Wall x1 |
| 21:53 | Ethan · wall_segment Palisade Wall x1 |
| 22:01 | Smiley · wall_segment Palisade Wall x1 |
| 22:35 | Smiley · wall_segment Palisade Wall x1 |
| 22:42 | Ethan · wall_segment Stone Wall x1 |
| 22:43 | Ethan · wall_segment Stone Wall x1 |
| 22:58 | TAG_Sitaux · first_market_buy 100 wood |
| 23:39 | Smiley · wall_segment Palisade Wall x1 |
| 23:40 | Smiley · wall_segment Palisade Wall x1 |
| 23:40 | Smiley · wall_segment Palisade Wall x1 |
| 23:41 | Smiley · wall_segment Palisade Wall x1 |
| 23:44 | Smiley · wall_segment Palisade Wall x1 |
| 23:45 | Smiley · wall_segment Palisade Wall x1 |
| 23:46 | Smiley · wall_segment Palisade Wall x1 |
| 23:50 | CesarFight · first_market_buy 100 stone |
| 24:47 | CesarFight · wall_segment Palisade Wall x1 |
| 25:11 | Smiley · wall_segment Palisade Wall x1 |
| 25:12 | Smiley · wall_segment Palisade Wall x1 |
| 25:13 | Smiley · wall_segment Palisade Wall x1 |
| 25:16 | Smiley · wall_segment Palisade Wall x1 |
| 25:19 | Smiley · wall_segment Palisade Wall x4 |
| 26:12 | Ethan · first_market_buy 100 food |
| 27:52 | Smiley · first_market_sell 100 wood |
| 27:52 | Smiley · first_market_buy 100 stone |
| 29:00 | Ethan · age_up castle |
| 29:06 | TAG_Sitaux · first_building Castle |
| 29:07 | Smiley · wall_segment Stone Wall x1 |
| 29:10 | Smiley · wall_segment Stone Wall x1 |
| 29:12 | Smiley · wall_segment Stone Wall x1 |
| 29:16 | Smiley · wall_segment Stone Wall x1 |
| 29:18 | Smiley · wall_segment Stone Wall x1 |
| 29:36 | Smiley · wall_segment Stone Wall x1 |
| 29:40 | Smiley · wall_segment Stone Wall x1 |
| 30:26 | CesarFight · first_building Castle |
| 31:58 | TAG_Sitaux · wall_segment Stone Wall x1 |
| 32:01 | TAG_Sitaux · wall_segment Stone Wall x1 |
| 32:34 | CesarFight · first_market_sell 100 stone |
| 32:41 | Ethan · first_building Castle |
| 32:43 | TAG_Sitaux · wall_segment Stone Wall x1 |
| 32:45 | TAG_Sitaux · wall_segment Stone Wall x1 |
| 32:57 | Smiley · wall_segment Stone Wall x1 |
| 33:08 | Ethan · wall_segment Stone Wall x1 |
| 33:08 | Smiley · age_up castle |
| 33:22 | TAG_Sitaux · age_up imperial |
| 33:46 | Smiley · first_building Monastery |
| 34:13 | TAG_Sitaux · first_building Archery Range |
| 34:51 | Smiley · wall_segment Stone Wall x1 |
| 34:53 | Smiley · wall_segment Stone Wall x1 |
| 36:07 | CesarFight · age_up imperial |
| 37:31 | Ethan · first_building Dock |
| 38:23 | Smiley · age_up imperial |
| 38:37 | Smiley · first_building Barracks |
| 38:47 | CesarFight · first_building Archery Range |
| 38:51 | TAG_Sitaux · first_building Siege Workshop |
| 40:43 | Ethan · first_market_sell 100 stone |
| 44:12 | Smiley · wall_segment Palisade Wall x1 |
| 47:17 | Ethan · resign |
[ AI ANALYSIS · 1 CREDIT ]
What really happened in this match?
Wolo.gg analyzes every decision: build order, eco, micro, common mistakes by bracket. Personalized analysis on WhatsApp or Discord in 30 seconds.
Civ guide
Italians
Perfil
Jugador #212721